 Dungeon Sprint DCSS version 0.21.0-24-g2553a33 (webtiles) character file.

1344 wojtek the Cleaver (level 8, -2/121 HPs)
             Began as a Minotaur Berserker on Jan 21, 2018.
             Was a High Priest of Trog.
             Slain by Snorg (26 damage)
             ... in the Dungeon (Sprint III: "The Ten Rune Challenge").
             The game lasted 00:02:02 (1555 turns).

wojtek the Cleaver (Minotaur Berserker)             Turns: 1555, Time: 00:02:03

Health: -2/121     AC:  2    Str: 32    XL:     8   Next: 36%
Magic:  7/7        EV: 19    Int:  4    God:    Trog [*****.]
Gold:   62         SH:  0    Dex: 18    Spells: 7/7 levels left

rFire    . . .     SeeInvis .   t - +2 executioner's axe of the Globe {chop, rC- Str+3 Dex+8}
rCold    x . .     Gourm    .   (shield currently unavailable)
rNeg     . . .     Faith    .   b - +0 animal skin
rPois    .         Spirit   .   (helmet restricted)
rElec    .         Reflect  .   (no cloak)
rCorr    .         Harm     .   (no gloves)
MR       .....     NoTele   +   (no boots)
Stlth    ..........             (no amulet)
HPRegen  0.30/turn              (no ring)
MPRegen  0.10/turn              (no ring)

@: berserking, very quick
A: retaliatory headbutt, horns 2
a: Berserk, Trog's Hand, Brothers in Arms, Burn Spellbooks, Renounce Religion


You were in the Dungeon.
You worshipped Trog.
Trog was extremely pleased with you.
You were near starving.

You visited 1 branch You collected 62 gold pieces.

Inventory:

Hand Weapons
 a - a +0 hand axe
 t - the +2 executioner's axe of the Globe (weapon) {chop, rC- Str+3 Dex+8}
   (Trog gifted it to you in the Dungeon)

   It inflicts extra damage upon your enemies.
   It affects your strength (+3).
   It affects your dexterity (+8).
   It makes you vulnerable to cold.
Armour
 b - a +0 animal skin (worn)
Scrolls
 i - a scroll of blinking
 l - a scroll of immolation {unknown}
 m - 2 scrolls of identify {unknown}
 n - 3 scrolls of remove curse
 p - a scroll of torment {unknown}
Potions
 d - a potion of curing
 e - a potion of heal wounds
 f - a potion of haste
 g - 2 potions of magic
 h - a potion of berserk rage
 j - 4 potions of mutation {unknown}
 k - a potion of agility {unknown}
 o - 2 potions of flight
 q - 2 potions of brilliance {unknown}
 r - a potion of might
Miscellaneous
 s - a sack of spiders
Comestibles
 c - 3 rations


   Skills:
 + Level 10.6 Fighting
 * Level 13.9 Axes
 + Level 10.2 Armour
 + Level 9.4 Dodging


You had 7 spell levels left.
You didn't know any spells.

Dungeon Overview and Level Annotations

Branches:
Dungeon (1/1)

Altars:
Cheibriados
Dithmenos
Elyvilon
Fedhas
Gozag
Hepliaklqana
Kikubaaqudgha
Makhleb
Nemelex Xobeh
Okawaru
Qazlal
Ru
Sif Muna
Trog
Uskayaw
Vehumet
Wu Jian
Xom
Yredelemnul
Zin
The Shining One
Beogh
Jiyva
Lugonu

Annotations:
D Snorg


Innate Abilities, Weirdness & Mutations

You reflexively headbutt those who attack you in melee.
You have a pair of horns on your head.


Message History

Snorg misses you. You furiously retaliate!
You headbutt Snorg. Snorg claws you but does no damage. Snorg claws you!
You carve Snorg like a ham!!! You headbutt Snorg!
Snorg is severely wounded.
Snorg goes berserk!
You slice Snorg!! Your headbutt misses Snorg.
Snorg is almost dead.
Snorg misses you. Snorg claws you! Snorg claws you.
Snorg completely misses you. Snorg barely misses you. Snorg closely misses you.
You hit Snorg. Your headbutt misses Snorg.
Snorg is almost dead.
Snorg closely misses you. Snorg claws you!! Snorg closely misses you.
Snorg bites you!
* * * LOW HITPOINT WARNING * * *
Snorg misses you. Snorg completely misses you.
A red film seems to cover your vision as you go berserk!
You feel yourself moving faster!
You feel mighty!
You are near starving!
Snorg bites you!!
You die...

♣.############
♣♣.#___#___#__#
♣..#...#__.#)_#
♣..###'#)###'##
♣♣.#......)...#
.♣.'.⌠........#
.♣.#...######'#
...#.⌠.#__#...#+#####
...#...#__#...#§@§§≈+
...#)###__#...#§#T§§#
...#.).#__#...'§#§§§#
...#___#__'...#§#§§.#
▓▓▓▓▓▓▓▓▓▓▓▓▓▓▓▓▓▓▓▓▓


You could see Snorg (berserk).

Vanquished Creatures
  A deep elf mage (D)
  A shadow (D)
  A spatial vortex (D)
  A necrophage (D)
  A water elemental (D)
  A scorpion (D)
  A wizard (D)
  A jelly (D)
  Jessica (D)
  A necromancer (D)
  3 humans (D)
  A kobold demonologist (D)
  3 rats (D)
17 creatures vanquished.

Vanquished Creatures (others)
  2 draconian scorchers (D)
  6 hellions (D)
  2 yaktaurs (D)
  6 plants (D)
16 creatures vanquished.

Grand Total: 33 creatures vanquished

Notes
Turn   | Place    | Note
-------+----------+-------------------------------------------
     0 | D        | wojtek the Minotaur Berserker began the quest for the Orb.
     0 | D        | Reached XP level 1. HP: 19/19 MP: 0/0
     6 | D        | Reached skill level 4 in Axes
    14 | D        | Noticed Jessica
    17 | D        | Reached ** piety under Trog
    22 | D        | HP: 1/20 [Jessica (2)]
    23 | D        | Killed Jessica
    23 | D        | Reached skill level 5 in Axes
    23 | D        | Reached XP level 2. HP: 2/28 MP: 1/1
    57 | D        | Killed a yaktaur
    70 | D        | Killed a hellion
   110 | D        | Killed a hellion
   112 | D        | Killed a hellion
   113 | D        | Killed a hellion
   141 | D        | Killed a white draconian scorcher
   152 | D        | Killed a white draconian scorcher
   164 | D        | Killed a hellion
   165 | D        | Killed a hellion
   346 | D        | Reached skill level 5 in Fighting
   346 | D        | Reached skill level 6 in Axes
   346 | D        | Reached XP level 3. HP: 19/36 MP: 2/2
   525 | D        | Noticed a scorpion
   533 | D        | Killed a scorpion
   533 | D        | Reached *** piety under Trog
   533 | D        | Reached skill level 7 in Axes
   533 | D        | Reached skill level 5 in Armour
   533 | D        | Reached XP level 4. HP: 30/44 MP: 3/3
   704 | D        | Noticed a water elemental
   711 | D        | Killed a water elemental
   711 | D        | Reached skill level 8 in Axes
   711 | D        | Reached skill level 5 in Dodging
   711 | D        | Reached XP level 5. HP: 45/51 MP: 4/4
   816 | D        | Found a radiant altar of Vehumet.
   816 | D        | Found a deep blue altar of Sif Muna.
   816 | D        | Found an ancient bone altar of Kikubaaqudgha.
   818 | D        | Reached skill level 9 in Axes
   820 | D        | Reached **** piety under Trog
   865 | D        | Found a glowing silver altar of Zin.
   866 | D        | Found a glowing golden altar of the Shining One.
   866 | D        | Found a white marble altar of Elyvilon.
   866 | D        | Noticed a deep elf mage
   879 | D        | Killed a deep elf mage
   879 | D        | Reached ***** piety under Trog
   879 | D        | Reached skill level 12 in Axes
   879 | D        | Reached XP level 6. HP: 16/63 MP: 5/5
   879 | D        | Reached XP level 7. HP: 17/70 MP: 6/6
  1043 | D        | Killed a yaktaur
  1128 | D        | Found a hide-covered altar of Uskayaw.
  1128 | D        | Found a roughly hewn altar of Beogh.
  1128 | D        | Found an iron altar of Okawaru.
  1128 | D        | Found a bloodstained altar of Trog.
  1128 | D        | Found an ornate altar of the Wu Jian Council.
  1128 | D        | Noticed a human
  1128 | D        | Noticed a human
  1136 | D        | Killed a human
  1139 | D        | Killed a human
  1139 | D        | Reached skill level 10 in Fighting
  1139 | D        | Reached skill level 13 in Axes
  1175 | D        | Found a basalt altar of Yredelemnul.
  1175 | D        | Found a shadowy altar of Dithmenos.
  1175 | D        | Found a sacrificial altar of Ru.
  1179 | D        | Reached XP level 8. HP: 79/79 MP: 7/7
  1259 | D        | Received a gift from Trog
  1270 | D        | Reached skill level 10 in Armour
  1273 | D        | Got a steaming executioner's axe {god gift}
  1274 | D        | Identified the +2 executioner's axe of the Globe {chop, rC- Str+3 Dex+8} (Trog gifted it to you in the Dungeon)
  1528 | D        | Found a blossoming altar of Fedhas.
  1528 | D        | Found a stormy altar of Qazlal.
  1528 | D        | Found a snail-covered altar of Cheibriados.
  1528 | D        | Found a burning altar of Makhleb.
  1528 | D        | Found a shimmering altar of Xom.
  1529 | D        | Found a hazy altar of Hepliaklqana.
  1529 | D        | Found an opulent altar of Gozag.
  1529 | D        | Found a sparkling altar of Nemelex Xobeh.
  1529 | D        | Found a corrupted altar of Lugonu.
  1529 | D        | Found a viscous altar of Jiyva.
  1549 | D        | Noticed Snorg
  1555 | D        | Slain by Snorg

Skill      XL: |  1  2  3  4  5  6  7  8 |
---------------+-------------------------+-----
Axes           | 5 6 7 8 12 13 | 13.9
Fighting       | 4 5 6 9 10 | 10.6
Armour         | 3 4 5 6 8 9 10 | 10.2
Dodging        | 3 4 5 8 9 |  9.4

Action                   |  1- 3 |  4- 6 |  7- 9 || total
-------------------------+-------+-------+-------++-------
Melee: Hand axe          |    17 |    13 |    31 ||    61
       Headbutt          |     3 |     4 |     9 ||    16
       Executioner's axe |       |       |     7 ||     7
Invok: Berserk           |     1 |     2 |     4 ||     7
       Burn Spellbooks   |       |     1 |       ||     1
  Eat: Ration            |       |     1 |       ||     1
       Chunk             |       |       |     3 ||     3
Armor: Animal skin       |     1 |       |     2 ||     3
Dodge: Dodged            |     7 |     5 |    19 ||    31
